 Dungeon Crawl Stone Soup version 0.30-a0-1163-gf69bf04e7a (webtiles) character file.

Game seed: 324121862057881457

317 sircluck the Covered (level 6, 0/53 HPs)
             Began as a Minotaur Fighter on Apr 28, 2023.
             Killed by nerve-wracking pain
             ... invoked by Grinder
              (14 damage)
             ... while paralysed by Grinder
             ... on level 4 of the Dungeon.
             The game lasted 00:03:49 (2959 turns).

sircluck the Covered (Minotaur Fighter)             Turns: 2959, Time: 00:03:50

Health: 0/53       AC: 10    Str: 23    XL:     6   Next: 20%
Magic:  5/5        EV:  2    Int:  5    God:
Gold:   215        SH:  0    Dex:  9    Spells: 5/5 levels left

rFire   . . .        a - +0 war axe
rCold   . . .        c - +0 buckler
rNeg    . . .        e - +0 chain mail
rPois   .            (helmet restricted)
rElec   .            (no cloak)
rCorr   .            (no gloves)
SInv    .            (no boots)
Will    .....        (no amulet) Stlth
                     (no ring)
HPRegen 0.28/turn    (no ring)
MPRegen 0.09/turn

%: no passive effects
@: paralysed
A: horns 2, retaliatory headbutt
a: no special abilities


You were on level 4 of the Dungeon.
You visited 1 branch of the dungeon, and saw 4 of its levels.

You collected 215 gold pieces.

Inventory:

Hand Weapons
 a - a +0 war axe (weapon)
Missiles
 x - 5 boomerangs (quivered)
Armour
 b - a +0 scale mail
 c - a +0 buckler (worn)
 e - a +0 chain mail (worn)
Jewellery
 q - a ring of resist corrosion
Scrolls
 g - a scroll of amnesia {unknown}
 k - 2 scrolls of vulnerability {unknown}
 l - 2 scrolls of fog {unknown}
 m - 5 scrolls of enchant armour {unknown}
 p - 6 scrolls of identify {unknown}
 r - 2 scrolls of enchant weapon {unknown}
 s - 4 scrolls of teleportation {unknown}
 t - a scroll of butterflies {unknown}
 v - a scroll of brand weapon {unknown}
 y - a scroll of immolation {unknown}
 z - 2 scrolls of torment {unknown}
Potions
 f - 3 potions of magic {unknown}
 h - 5 potions of curing {unknown}
 i - 3 potions of invisibility {unknown}
 j - 2 potions of flight {unknown}
 n - 3 potions of haste {unknown}
 u - a potion of mutation {unknown}
 w - a potion of degeneration {unknown}
 A - a potion of berserk rage {unknown}


   Skills:
 + Level 4.4 Fighting
 + Level 4.8 Axes
 + Level 0.2 Throwing
 + Level 5.9 Armour
 + Level 1.1 Dodging
 + Level 0.2 Stealth
 + Level 4.5 Shields


You had 5 spell levels left.
You didn't know any spells.
Your spell library contained the following spells:

 Spells                   Type           Power      Damage    Failure   Level
 Freeze                   Ice            0%         1d3       98%         1
 Frozen Ramparts          Ice            0%         1d1       100%        3
 Hailstorm                Conj/Ice       0%         3d3       100%        3


Dungeon Overview and Level Annotations

Branches:
Dungeon (4/15)
 Temple: D:4-7

Altars:
Uskayaw

Annotations:
D:4 Grinder


Innate Abilities, Weirdness & Mutations

You have a pair of horns on your head.
You reflexively headbutt those who attack you in melee.


Message History

You are too injured to fight recklessly!
You are too injured to fight recklessly!
You are too injured to fight recklessly!
You are too injured to fight recklessly!
You are too injured to fight recklessly!
You are too injured to fight recklessly!
You are too injured to fight recklessly!
You are too injured to fight recklessly!
You are too injured to fight recklessly!
You are too injured to fight recklessly!
You are too injured to fight recklessly!
You are too injured to fight recklessly!
You are too injured to fight recklessly!
You are too injured to fight recklessly!
You are too injured to fight recklessly!
You are too injured to fight recklessly!
You completely miss Grinder. You headbutt Grinder!
Grinder is severely wounded.
Grinder hits you.
* * * LOW HITPOINT WARNING * * *
You writhe in agony.
* * * LOW HITPOINT WARNING * * *
You barely miss Grinder.
Grinder is severely wounded.
Grinder gestures at you. You resist with significant effort.
A hobgoblin comes into view.
The hobgoblin shouts!
You hit Grinder. Your headbutt misses Grinder.
Grinder is almost dead.
Grinder blinks!
Grinder blinks!
Grinder says, "Are you a fish?"
You closely miss Grinder. Your headbutt misses Grinder.
Grinder is almost dead.
Grinder gestures at you.
You suddenly lose the ability to move!
Grinder hits you but does no damage. Grinder gestures at you.
Pain shoots through your body!
You die...

..#......#
######.. #..# .#
#..# ..# #..# ..#
#..# ##..# #..
##....##.
#..###........
#...@5g......#
.......###..##.#.
####### #..##.#.#
#..##.#.#
#g.##.#.#
#..##.#.#
#..##.#.#
#..##.#.#
#..##.#.#


You could see Grinder and a hobgoblin.

Vanquished Creatures
  Edmund (D:4)
  An ogre (D:4)
  A sleepcap (D:3)
  4 adders
  2 dart slugs
  An orc (D:4)
  5 bats
  6 endoplasms
  2 giant cockroaches
  6 goblins
  5 hobgoblins
  4 kobolds
  2 quokkas
  11 ball pythons
  4 frilled lizards
  9 rats
64 creatures vanquished.

Notes
Turn   | Place    | Note
-------+----------+-------------------------------------------
     0 | D:1      | sircluck the Minotaur Fighter began the quest for the Orb.
     0 | D:1      | Reached XP level 1. HP: 19/19 MP: 0/0
   188 | D:1      | Reached XP level 2. HP: 26/27 MP: 1/1
   499 | D:1      | Reached skill level 4 in Armour
  1022 | D:2      | Reached XP level 3. HP: 30/33 MP: 2/2
  1085 | D:3      | Reached skill level 5 in Armour
  1085 | D:3      | Reached XP level 4. HP: 20/40 MP: 3/3
  2186 | D:3      | Noticed a +0 hand axe
  2186 | D:3      | Noticed a +0 dagger
  2189 | D:3      | Found a hide-covered altar of Uskayaw.
  2624 | D:4      | Noticed Edmund
  2636 | D:4      | Killed Edmund
  2637 | D:4      | Reached skill level 1 in Dodging
  2637 | D:4      | Reached XP level 5. HP: 13/47 MP: 4/4
  2860 | D:4      | Noticed an ogre
  2878 | D:4      | Killed an ogre
  2879 | D:4      | Reached XP level 6. HP: 42/53 MP: 5/5
  2936 | D:4      | Noticed Grinder
  2958 | D:4      | Paralysed by Grinder for 5 turns
  2959 | D:4      | Killed from afar by Grinder

Illustrated notes

Levels and vault maps discovered:
D:1:      elethiomel_arrival_infinity_welcomes_careful_drivers, layout_basic,
          serial_rivers, chequers_serial_rivers_room_a,
          chequers_serial_rivers_micro_b, chequers_serial_rivers_large_b,
          chequers_serial_rivers_marsh, chequers_serial_rivers_large_a,
          chequers_serial_rivers_micro_e, minmay_stone_trees_small,
          serial_bayou_pond_d
D:2:      layout_basic, chequers_serial_rivers_room_a, minmay_misc_feat_rugged
D:3:      layout_rooms, dancing_weapons_uskayaw
D:4:      layout_loops_ring, uniq_edmund, uniq_grinder

Skill      XL: |  1  2  3  4 |
---------------+-------------+-----
Shields        | 4 |  4.5
Armour         | 4 5 |  5.9
Fighting       | 4 |  4.4
Axes           | 4 |  4.8
Dodging        | 1 |  1.1
Throwing       | |  0.2
Stealth        | |  0.2

Action                     |  1- 3 |  4- 6 || total
---------------------------+-------+-------++-------
  Melee: War axe           |    64 |    95 ||   159
         Headbutt          |    14 |     8 ||    22
  Throw: Stone             |       |     5 ||     5
         Boomerang         |       |     5 ||     5
    Use: Potion            |       |     2 ||     2
 Armour: Chain mail        |    34 |    52 ||    86
  Dodge: Dodged            |    26 |    41 ||    67
  Block: Buckler           |    15 |    25 ||    40

Table legend: (Time is in decaauts)
 A = Elapsed time spent in this place.
 B = Non-inter-level travel time spent in this place.
 C = Inter-level travel time spent in this place.
 D = Time resting spent in this place.
 E = Time spent auto-exploring this place.
 F = Levels seen in this place.
 G = Mean time per level.
                   A        B        C        D        E       F      G
               +--------+--------+--------+--------+--------+-----+--------+
         Total |   3068 |   2918 |    150 |    131 |   2293 |   4 |  767.0 |
       Dungeon |   3068 |   2918 |    150 |    131 |   2293 |   4 |  767.0 |
               +--------+--------+--------+--------+--------+-----+--------+

Top non-repeatable levels by time:
     D:2: 1065 daAuts
     D:1: 1002 daAuts
     D:3: 519 daAuts
     D:4: 479 daAuts
